AoeStats
← MattAtArms

Arabia

518477377Analyzed
1v1 RM · 2d ago on Nov 3, 2026· 47m 17s· 2 players
Game mode
Random Map
Map size
Tiny (2 player)
Population
200
Speed
Normal
Resources
Standard
Victory
Conquest
Starting age
Dark Age
Ending age
Imperial Age
RankedLock teamsTeams togetherTeam positionsShared explorationLock speedFull tech treeHidden civsTurbo modeCheats
Victory
Defeat
🇻🇳 Shu · Vietnam
1853
+19
vs
🇬🇧 Vietnamese · United Kingdom
1916
-19
PomPom
6:54 Loom
9:08 Feudal Age
12:06 Double-Bit Axe
17:39 Fletching
21:56 Castle Age
20:16 Padded Archer Armor
21:09 Horse Collar
22:47 Bodkin Arrow
22:13 Crossbowman
22:34 Elite Skirmisher
24:21 Bow Saw
24:55 Leather Archer Armor
26:03 Wheelbarrow
26:50 Ballistics
28:40 Town Watch
35:56 Heavy Plow
37:45 Thumb Ring
40:57 Imperial Age
39:19 Hand Cart
39:54 Gold Mining
39:55 Stone Mining
41:21 Heavy Cavalry Archer
42:33 Bracer
43:45 Guilds
44:18 Ring Archer Armor
45:55 Chemistry
47:31 Hoardings
47:08 Masonry
MattAtArms
8:05 Loom
11:04 Feudal Age
11:18 Man-at-Arms
11:44 Double-Bit Axe
12:00 Horse Collar
17:40 Fletching
21:47 Castle Age
20:31 Padded Archer Armor
21:04 Gold Mining
21:50 Crossbowman
22:27 Bodkin Arrow
23:04 Bow Saw
25:20 Wheelbarrow
38:15 Imperial Age
36:20 Ballistics
36:18 Heavy Plow
39:06 Bracer
40:07 Chemistry
40:00 Scale Barding Armor
40:05 Forging
39:18 Arbalester
40:09 Thumb Ring
40:39 Scale Barding Armor
42:44 Light Cavalry
43:45 Chain Barding Armor
43:36 Forging
44:11 Bloodlines
44:02 Husbandry
46:04 Plate Barding Armor
Connection lost

Rejoining the realm…

Still unreachable

The connection could not be restored.

Session expired

The server has moved on; the page needs a fresh start.